 Dungeon Crawl Stone Soup version 0.23-a0-416-g33f1def (webtiles) character file.

29619 nujazz the Fighter (level 13, -1/108 HPs)
             Began as a Demonspawn Berserker on Nov 9, 2018.
             Was an Elder of Trog.
             Slain by a komodo dragon (5 damage)
             ... on level 6 of the Lair of Beasts.
             The game lasted 01:04:02 (17012 turns).

nujazz the Fighter (Demonspawn Berserker)          Turns: 17012, Time: 01:04:03

Health: -1/108     AC: 31    Str: 22    XL:     13   Next: 16%
Magic:  18/19      EV: 15    Int:  8    God:    Trog [****..]
Gold:   434        SH:  0    Dex: 17    Spells: 12/12 levels left

rFire    . . .     SeeInvis .   D - +7 short sword "Emadej" {protect, +Inv rPois MR+}
rCold    + . .     Gourm    .   (no shield)
rNeg     . . .     Faith    .   J - +1 plate armour {MR+}
rPois    +         Spirit   .   V - +0 helmet
rElec    .         Reflect  .   N - +0 cloak
rCorr    .         Harm     .   y - +0 pair of gloves
MR       ++...                  (no boots)
Stlth    ..........             q - amulet of regeneration
HPRegen  0.68/turn              n - ring of protection from cold
MPRegen  0.16/turn              (no ring)

@: agile, protection aura, berserk cooldown, contaminated, slowed, glowing,
invisible (but backlit and visible), very slow
A: claws 1, iridescent scales 2, blurry vision 1, dopey 1, powered by death 1,
powered by pain 1
a: Berserk, Trog's Hand, Brothers in Arms, Renounce Religion


You were on level 6 of the Lair of Beasts.
You worshipped Trog.
Trog was greatly pleased with you.
You were hungry.

You visited 2 branches of the dungeon, and saw 17 of its levels.

You collected 674 gold pieces.
You spent 240 gold pieces at shops.

Inventory:

Hand Weapons
 d - the +8 frozen axe "Frostbite" {freezing cloud, *Noise +Fly rC+}
   (You found it on level 1 of the Lair of Beasts)

   It has been specially enchanted to freeze those struck by it, causing extra
   injury to most foes and up to half again as much damage against particularly
   susceptible opponents.
   It can also slow down cold-blooded creatures.
   It protects you from cold.
   It lets you fly.
   It may make noises in combat.
 t - the +7 short sword "Dragonbane" {freeze, *Corrode rPois rF+}
   (You found it on level 6 of the Dungeon)

   It has been specially enchanted to freeze those struck by it, causing extra
   injury to most foes and up to half again as much damage against particularly
   susceptible opponents.
   It can also slow down cold-blooded creatures.
   It protects you from fire.
   It protects you from poison.
   It may corrode you when you take damage.
 D - the +7 short sword "Emadej" (weapon) {protect, +Inv rPois MR+}
   (You found it on level 9 of the Dungeon)

   It protects the one who uses it against injury (+AC on strike).
   It protects you from poison.
   It affects your resistance to hostile enchantments.
   It lets you turn invisible.
 G - a +0 triple sword
 K - a +0 trident
Missiles
 g - 491 stones (quivered)
 s - 7 javelins
 u - 2 steel tomahawks
 C - 2 throwing nets
Armour
 y - a +0 pair of gloves (worn)
 J - a +1 plate armour of magic resistance (worn)
 N - a +0 cloak (worn)
 O - a +0 chain mail of fire resistance
 U - a +2 large shield
 V - a +0 helmet (worn)
Jewellery
 n - a ring of protection from cold (left hand)
 q - an amulet of regeneration (around neck)
 R - a cursed -5 ring of strength {unknown}
Wands
 b - a wand of paralysis (14)
 m - a wand of polymorph (20)
 I - a wand of enslavement (8)
 Q - a wand of acid (5)
 T - a wand of random effects (6)
Scrolls
 e - 8 scrolls of amnesia
 h - 4 scrolls of enchant weapon
 o - 6 scrolls of remove curse
 v - a scroll of immolation {unknown}
 x - 5 scrolls of identify
 A - 3 scrolls of magic mapping
 H - 4 scrolls of fog
 L - 3 scrolls of teleportation
 S - a scroll of enchant armour
Potions
 a - a potion of might {unknown}
 f - 2 potions of cancellation
 i - 5 potions of magic
 j - 3 potions of haste {unknown}
 k - 2 potions of agility
 l - 5 potions of curing
 p - a potion of invisibility {unknown}
 r - a potion of berserk rage {unknown}
 w - 2 potions of heal wounds
 z - 5 potions of flight
 B - 2 potions of degeneration {unknown}
 F - a potion of lignification {unknown}
 M - 2 potions of brilliance
 P - a potion of resistance
Comestibles
 c - 7 rations
 E - 4 chunks of flesh


   Skills:
 + Level 12.1 Fighting
 + Level 9.6 Long Blades
 - Level 5.7 Axes
 + Level 11.0 Armour
 + Level 5.0 Dodging
 + Level 8.0 Evocations


You had 12 spell levels left.
You didn't know any spells.
Your spell library contained the following spells:

 Spells                   Type           Power        Failure   Level  Hunger
 Animate Skeleton         Necr           N/A          99%         1    ##.....
 Beastly Appendage        Tmut           #.....       99%         1    ##.....
 Pain                     Necr           #...         99%         1    ##.....
 Summon Small Mammal      Summ           #...         99%         1    ##.....
 Call Imp                 Summ           #.......     100%        2    ###....
 Sticks to Snakes         Tmut           #.......     100%        2    ###....
 Sublimation of Blood     Necr           #.........   100%        2    ###....
 Call Canine Familiar     Summ           #.......     100%        3    ####...
 Ignite Poison            Fire/Tmut/Pois #.......     100%        3    ####...
 Regeneration             Chrm/Necr      #.........   100%        3    ####...
 Spider Form              Tmut/Pois      #.........   100%        3    ####...
 Summon Guardian Golem    Hex/Summ       #.......     100%        3    ####...
 Vampiric Draining        Necr           #.........   100%        3    ####...
 Animate Dead             Necr           N/A          100%        4    #####..
 Ice Form                 Ice/Tmut       #.......     100%        4    #####..
 Petrify                  Tmut/Erth      #.......     100%        4    #####..
 Summon Ice Beast         Ice/Summ       #.......     100%        4    #####..
 Summon Lightning Spire   Summ/Air       #.......     100%        4    #####..
 Alistair's Intoxication  Tmut/Pois      #.......     100%        5    ######.
 Blade Hands              Tmut           #.........   100%        5    ######.
 Irradiate                Conj/Tmut      #.........   100%        5    ######.


Dungeon Overview and Level Annotations

Branches:
Dungeon (11/15)            Temple (0/1) D:6            Lair (6/6) D:9
 Shoals (0/4) Lair:4        Snake (0/4) Lair:4        Slime (0/5) Lair:5
    Orc: D:9-12

Altars:
Ashenzari
Cheibriados
Fedhas
Gozag
Kikubaaqudgha
Makhleb
Nemelex Xobeh
Qazlal
Ru
Xom
Zin
The Shining One
Jiyva

Shops:
D:6 =   D:7 (

Annotations:
D:2 1 runed door
D:8 exclusions: basilisk and 16 more exclusions, Gastronok
D:9 2 exclusions
Lair:4 2 transporters


Innate Abilities, Weirdness & Mutations

You have sharp fingernails.
You are mostly covered in iridescent scales. (AC +4)
You regenerate a little health from kills.
You sometimes gain a little power by taking damage.
Scrolls take you a little longer to read.
You are dopey. (Int -2)


Message History

The komodo dragon bites you.
* * * LOW HITPOINT WARNING * * *
You hit the komodo dragon.
The komodo dragon is heavily wounded.
The komodo dragon bites you!
* * * LOW HITPOINT WARNING * * *
You puncture the komodo dragon!
The komodo dragon is heavily wounded.
The komodo dragon bites you!
* * * LOW HITPOINT WARNING * * *
You focus on the pain.
You feel more agile all of a sudden. The komodo dragon closely misses you.
You puncture the komodo dragon!
The komodo dragon is severely wounded.
The komodo dragon closely misses you.
You closely miss the komodo dragon.
The komodo dragon is severely wounded.
The komodo dragon bites you.
You die...

,,,,,,,,****,,*,,..........#†....
,,,,**,,,..?,,*....#.........(...
,*****,,,...,,,#.......#(........
,** *,,,....,,....P..##.........
,,* *,,,,#...*#P.P.........#....
,,* **,,**##..##PP##...##........
,,***,,,* #.......#....#....#.(..
,,**,,,,**#...........P.P........
,,***,,,**,#...l@......P....#....
,***,,,,***#...#..P#...##..#.....
,****,,,,**#..,#...P...##........
,,*,,,,,**...,,.............#....
,,*,,,,,,#..,,,.............#....
,,,,,,,,,..,,,...................
,,,,,,,,,.,,,,...................
,*,*,*,**,,*,.###.#.#.##P##.####.
**********,**** ****,**##*##* ##


You could see a komodo dragon.

Vanquished Creatures
  Snorg (Lair:5)
  4 hydras
  Erica (D:10)
  The ghost of Qeid the Destroyer, a journeyman DECj of Vehumet (Lair:1)
  A death yak (Lair:5)
  3 skeletal warriors
  2 ugly things
  Joseph (Lair:1)
  4 molten gargoyles
  Psyche (D:8)
  4 black mambas
  A spiny frog (Lair:3)
  A torpor snail (Lair:3)
  3 komodo dragons
  A troll (D:8)
  A polar bear (Lair:6)
  2 hornets
  3 hippogriffs
  10 blink frogs
  A wyvern (D:10)
  36 yaks
  2 basilisks
  A steam dragon (D:7)
  3 nagas (Lair:4)
  12 water moccasins
  8 porcupines
  2 orc warriors
  2 sky beasts (D:10)
  2 ice beasts
  A hornet zombie (D:7)
  7 ogres
  5 centaurs
  18 crocodiles
  A big kobold (D:8)
  11 bullfrogs
  4 scorpions
  4 killer bees (D:7)
  6 howler monkeys
  2 bullfrog zombies
  4 crimson imps
  4 centaur zombies
  6 hounds
  3 orc priests (D:10)
  2 centaur skeletons
  A bullfrog skeleton (D:7)
  2 jellies
  Natasha (thrice) (D:4 D:6)
  7 worker ants
  5 orc wizards
  9 hell rats
  A hound skeleton (D:7)
  6 gnolls
  10 adders
  2 shadow imps
  An adder zombie (D:5)
  An adder skeleton (D:5)
  7 leopard geckos
  24 orcs
  3 ball pythons
  5 giant cockroaches
  5 goblins
  6 hobgoblins
  10 jackals
  3 quokkas
  7 bats
  4 frilled lizards
  10 kobolds
  A quokka skeleton (D:6)
  5 rats
330 creatures vanquished.

Vanquished Creatures (others)
  9 fungi
  6 plants
15 creatures vanquished.

Grand Total: 345 creatures vanquished

Notes
Turn   | Place    | Note
-------+----------+-------------------------------------------
     0 | D:1      | nujazz the Demonspawn Berserker began the quest for the
                  | Orb.
     0 | D:1      | Reached XP level 1. HP: 18/18 MP: 1/1
   289 | D:1      | Gained mutation: You have sharp fingernails. [demonic
                  | ancestry]
   289 | D:1      | Reached XP level 2. HP: 23/24 MP: 2/2
   308 | D:1      | Found a shimmering altar of Xom.
   846 | D:2      | Found a shattered altar of Ashenzari.
   883 | D:2      | Reached XP level 3. HP: 29/29 MP: 3/3
  1071 | D:2      | Found a runed door.
  1580 | D:3      | Reached XP level 4. HP: 30/37 MP: 4/4
  1658 | D:3      | Found a blossoming altar of Fedhas.
  1668 | D:3      | Found a sacrificial altar of Ru.
  1680 | D:3      | Found a burning altar of Makhleb.
  1691 | D:3      | Found a glowing silver altar of Zin.
  1701 | D:3      | Found a snail-covered altar of Cheibriados.
  1706 | D:3      | Found a shimmering altar of Xom.
  1716 | D:3      | Found an opulent altar of Gozag.
  1797 | D:3      | Reached ** piety under Trog
  1876 | D:3      | Reached skill level 4 in Fighting
  2218 | D:3      | Reached XP level 5. HP: 34/42 MP: 5/5
  2931 | D:4      | Noticed an ice beast
  2963 | D:4      | Killed an ice beast
  2963 | D:4      | Reached skill level 1 in Evocations
  2963 | D:4      | Gained mutation: You are partially covered in iridescent
                  | scales. (AC +2) [demonic ancestry]
  2963 | D:4      | Reached XP level 6. HP: 49/49 MP: 5/7
  2976 | D:4      | Found a burning altar of Makhleb.
  3394 | D:4      | Noticed Natasha
  3409 | D:4      | Killed Natasha
  3409 | D:4      | Reached skill level 5 in Fighting
  3640 | D:5      | Entered Level 5 of the Dungeon
  3692 | D:5      | Found a stormy altar of Qazlal.
  3768 | D:5      | Reached XP level 7. HP: 44/56 MP: 8/8
  3854 | D:5      | Found a sparkling altar of Nemelex Xobeh.
  4124 | D:5      | Reached skill level 5 in Axes
  4557 | D:6      | Reached XP level 8. HP: 64/64 MP: 10/10
  4562 | D:6      | Got a bloodstained short sword
  4563 | D:6      | Identified the +7 short sword "Dragonbane" {freeze,
                  | *Corrode rPois rF+} (You found it on level 6 of the
                  | Dungeon)
  4611 | D:6      | Found a staircase to the Ecumenical Temple.
  4665 | D:6      | Reached skill level 6 in Fighting
  4762 | D:6      | Reached skill level 5 in Armour
  4784 | D:6      | Found Zorghocw's Jewellery Emporium.
  4959 | D:6      | Noticed Natasha
  4974 | D:6      | Killed Natasha
  5317 | D:6      | Noticed Natasha
  5326 | D:6      | Killed Natasha
  5599 | D:7      | Found Qukhy's Antique Weapon Shoppe.
  5606 | D:7      | Bought a triple sword for 240 gold pieces
  5653 | D:7      | Found a glowing golden altar of the Shining One.
  5923 | D:7      | Reached skill level 1 in Long Blades
  6016 | D:7      | Reached skill level 5 in Evocations
  6025 | D:7      | Gained mutation: You are mostly covered in iridescent
                  | scales. (AC +4) [demonic ancestry]
  6025 | D:7      | Reached XP level 9. HP: 43/71 MP: 12/12
  6450 | D:8      | Reached skill level 7 in Fighting
  6561 | D:8      | Noticed Gastronok
  6592 | D:8      | Noticed Psyche
  6786 | D:8      | Found an ancient bone altar of Kikubaaqudgha.
  7066 | D:8      | HP: 1/72 [electric eel/bolt of electricity (13)]
  7371 | D:9      | Noticed a molten gargoyle
  7372 | D:9      | Noticed a molten gargoyle
  7373 | D:9      | Noticed a molten gargoyle
  7477 | D:9      | Noticed a troll
  7896 | D:8      | Killed a troll
  8121 | D:8      | Killed a molten gargoyle
  8198 | D:9      | Reached skill level 8 in Fighting
  8333 | D:9      | Found a staircase to the Lair.
  8341 | D:9      | Gained mutation: You sometimes gain a little power by
                  | taking damage. [demonic ancestry]
  8341 | D:9      | Reached XP level 10. HP: 39/80 MP: 14/14
  8479 | D:9      | Got a crude short sword
  8480 | D:9      | Identified the +7 short sword "Emadej" {protect, +Inv rPois
                  | MR+} (You found it on level 9 of the Dungeon)
  8750 | D:9      | Noticed a molten gargoyle
  8761 | D:9      | Killed a molten gargoyle
  8797 | D:8      | Killed Psyche
  8797 | D:8      | Reached skill level 5 in Long Blades
  8909 | D:9      | Killed a molten gargoyle
  8971 | D:9      | Killed a molten gargoyle
  9289 | D:9      | Reached skill level 9 in Fighting
  9457 | D:10     | Entered Level 10 of the Dungeon
  9918 | D:10     | Paralysed by a hornet for 3 turns
 10259 | D:10     | Reached XP level 11. HP: 90/90 MP: 15/15
 10682 | D:11     | Noticed a white ugly thing
 10686 | D:11     | Noticed a red ugly thing
 10703 | D:10     | Killed a red ugly thing
 10703 | D:10     | Reached skill level 10 in Fighting
 10820 | D:11     | Noticed a skeletal warrior
 10846 | D:11     | Killed a skeletal warrior
 10881 | D:11     | Noticed Erica
 10887 | D:11     | Noticed a skeletal warrior
 10887 | D:11     | Noticed a four-headed hydra
 10922 | D:11     | Noticed a skeletal warrior
 11025 | D:10     | Killed Erica
 11066 | D:10     | Killed a skeletal warrior
 11195 | D:11     | Killed a cyan ugly thing
 11229 | D:11     | Killed a skeletal warrior
 11358 | Lair:1   | Entered Level 1 of the Lair of Beasts
 11358 | Lair:1   | Found the +8 frozen axe "Frostbite" {freezing cloud, *Noise
                  | +Fly rC+}
 11358 | Lair:1   | Noticed Joseph
 11383 | Lair:1   | Killed Joseph
 11499 | Lair:1   | Reached *** piety under Trog
 11697 | Lair:1   | Found a runed gate.
 11732 | Lair:1   | Found a runed gate.
 11733 | Lair:1   | Found a runed gate.
 11733 | Lair:1   | Noticed Qeid's ghost (journeyman DECj)
 11800 | Lair:1   | Killed Qeid's ghost
 11800 | Lair:1   | Reached skill level 11 in Fighting
 11962 | Lair:1   | Reached skill level 10 in Armour
 12263 | Lair:2   | Noticed a seven-headed hydra
 12473 | Lair:2   | Gained mutation: You regenerate a little health from kills.
                  | [demonic ancestry]
 12473 | Lair:2   | Reached XP level 12. HP: 84/100 MP: 16/16
 12595 | Lair:2   | Killed a seven-headed hydra
 13521 | Lair:3   | You fall through a shaft for 3 floors!
 13521 | Lair:6   | Entered Level 6 of the Lair of Beasts
 13521 | Lair:6   | Noticed a death yak
 13521 | Lair:6   | Noticed a death yak
 13530 | Lair:6   | Noticed a death yak
 13531 | Lair:6   | Noticed a death yak
 13660 | Lair:4   | Found a staircase to the Shoals.
 14030 | Lair:3   | Noticed a six-headed hydra
 14208 | Lair:3   | Killed a six-headed hydra
 14478 | Lair:4   | Noticed a death yak
 14479 | Lair:4   | Noticed a death yak
 14479 | Lair:4   | Noticed a death yak
 14479 | Lair:4   | Noticed a death yak
 14479 | Lair:4   | Noticed a death yak
 14480 | Lair:4   | Noticed a death yak
 14881 | Lair:4   | Found a staircase to the Snake Pit.
 14926 | Lair:4   | Found a transporter.
 15006 | Lair:4   | Found a transporter.
 15451 | Lair:5   | Noticed Snorg
 15478 | Lair:5   | Killed Snorg
 15625 | Lair:5   | Found a viscous altar of Jiyva.
 15626 | Lair:5   | Found a staircase to the Slime Pits.
 15683 | Lair:5   | Noticed a five-headed hydra
 15699 | Lair:5   | Killed a five-headed hydra
 15741 | Lair:5   | Noticed an eight-headed hydra
 15750 | Lair:5   | Killed an eight-headed hydra
 15750 | Lair:5   | Reached **** piety under Trog
 16352 | Lair:5   | Killed a death yak
 16476 | Lair:6   | Reached skill level 12 in Fighting
 16592 | Lair:6   | Reached XP level 13. HP: 98/108 MP: 18/18
 16762 | Lair:6   | Gained mutation: Scrolls take you a little longer to read.
                  | [mutagenic glow]
 16788 | Lair:6   | Reached skill level 5 in Dodging
 16986 | Lair:6   | Gained mutation: You are dopey. (Int -2) [mutagenic glow]
 17010 | Lair:6   | HP: 3/108 [komodo dragon (17)]
 17012 | Lair:6   | Slain by a komodo dragon

Vault maps used:
D:1:      dpeg_arrival_rhombi, xom_teletrap_fun
D:2:      minivault_5, hangedman_abyss_or_decor_lesser_grid,
          evilmike_ruin_ashenzari, uniq_crazy_yiuf_cottage
D:3:      cheibrodos_old_hovel, grunt_temple_overflow_octagram, first_ration
D:4:      makhleb_heckhound_becter, uniq_natasha
D:5:      lemuel_crystal_altar, nicolae_qazlal_eye_of_the_storm
D:6:      minmay_temple_entry_metal_lava, serial_shops, shop
D:7:      tso_oasis_becter, serial_shops, nicolae_shop_crystal, grunt_ogre_cave
D:8:      kiku_gazebo_pond_becter, disabler_island, uniq_psyche, uniq_gastronok
D:9:      minmay_lair_entry_grove, nrook_mini_vaults, minmay_holes, minivault_8,
          uniq_erica
D:10:     chequers_serial_rivers_large_a
D:11:     due_megacathedral, minmay_misc_feat_four_crosses, hex_large,
          minmay_misc_feat_square, minmay_misc_feat_room
Lair:1:   gammafunk_ghost_split, st_stairs_6, ldierk_geyser,
          chequers_serial_rivers_small_a, grunt_megastairs_5, uniq_joseph
Lair:4:   gammafunk_cloud_chamber, elwin_shoals_entry_rocks,
          guppyfry_snake_entry_garden
Lair:5:   dpeg_slime_entry_enclosed_altar, patterned_corridor, uniq_snorg
Lair:6:   grunt_lair_end_beastmaster, grunt_megastairs_3

Skill      XL: |  1  2  3  4  5  6  7  8  9 10 11 12 13 |
---------------+----------------------------------------+-----
Armour         | 2 3 4 5 7 8 10 11 | 11.0
Axes           | 3 4 5 |  5.7
Fighting       | 4 5 6 8 9 11 12 | 12.1
Evocations     | 1 2 3 5 6 7 8 |  8.0
Long Blades    | 1 4 6 8 9 |  9.6
Dodging        | 4 5 |  5.0

Action                   |  1- 3 |  4- 6 |  7- 9 | 10-12 | 13-15 || total
-------------------------+-------+-------+-------+-------+-------++-------
Melee: Hand axe          |   116 |       |       |       |       ||   116
       Dagger            |       |   196 |       |       |       ||   196
       War axe           |       |    34 |   130 |       |       ||   164
       Short sword       |       |       |   233 |  1069 |   145 ||  1447
Throw: Stone             |     4 |       |       |       |       ||     4
Invok: Berserk           |     2 |     1 |     5 |    11 |     2 ||    21
       Trog's Hand       |       |     4 |    19 |    10 |       ||    33
 Abil: Evoke Invisibilit |       |       |       |    13 |     6 ||    19
Evoke: Wand              |       |     3 |     6 |    28 |     3 ||    40
  Use: Scroll            |     4 |     4 |     7 |    10 |     1 ||    26
       Potion            |       |       |       |     1 |       ||     1
 Stab: Paralysed         |       |       |     3 |       |       ||     3
       Invisible         |       |       |       |    31 |    11 ||    42
  Eat: Chunk             |     4 |     6 |     8 |     5 |     3 ||    26
       Ration            |       |     1 |     6 |    12 |       ||    19
Armor: Ring mail         |    59 |    80 |    64 |       |       ||   203
       Scale mail        |       |       |   119 |    49 |       ||   168
       Plate armour      |       |       |       |   620 |    82 ||   702
Dodge: Dodged            |    65 |    86 |   202 |   348 |    89 ||   790

Table legend:
 A = Non-vault XP
 B = Vault XP
 C = Vault XP percentage of total XP
 D = Non-vault monster count
 E = Vault monster count
 F = Vault count percentage of total count
                 A         B        C        D         E       F
            +---------+---------+-------+---------+---------+-------
      Total |   33563 |    8751 |  20.7 |     299 |      31 |   9.4
            +---------+---------+-------+---------+---------+-------
        D:1 |      26 |       0 |   0.0 |      15 |       0 |   0.0
        D:2 |      66 |       0 |   0.0 |      17 |       0 |   0.0
        D:3 |     139 |       1 |   0.7 |      25 |       1 |   3.8
        D:4 |     381 |      84 |  18.1 |      10 |       2 |  16.7
        D:5 |     714 |       0 |   0.0 |      19 |       0 |   0.0
        D:6 |     831 |       0 |   0.0 |      25 |       0 |   0.0
        D:7 |     978 |     125 |  11.3 |      14 |       1 |   6.7
        D:8 |    1126 |     884 |  44.0 |      23 |       2 |   8.0
        D:9 |     538 |    2173 |  80.2 |      10 |       8 |  44.4
       D:10 |    5648 |     981 |  14.8 |      40 |       2 |   4.8
       D:11 |    2265 |     179 |   7.3 |       8 |       1 |  11.1
     Lair:1 |    2520 |    1911 |  43.1 |      12 |       6 |  33.3
     Lair:2 |    4418 |       0 |   0.0 |      21 |       0 |   0.0
     Lair:3 |    2552 |       0 |   0.0 |      10 |       0 |   0.0
     Lair:4 |    1805 |     474 |  20.8 |      14 |       3 |  17.6
     Lair:5 |    4294 |    1629 |  27.5 |      10 |       4 |  28.6
     Lair:6 |    5262 |     310 |   5.6 |      26 |       1 |   3.7
            +---------+---------+-------+---------+---------+-------
